 Dungeon Crawl Stone Soup version 0.29.0-15-g675c0067aa (webtiles) character file.

Game seed: 15235535215632200246

252 qw the Chopper (level 5, -1/46 HPs)
             Began as a Minotaur Berserker on Sept 12, 2022.
             Was a Believer of Trog.
             Killed from afar by Sigmund (11 damage)
             ... with a puff of flame
             ... on level 6 of the Dungeon.
             The game lasted 00:01:02 (2807 turns).

qw the Chopper (Minotaur Berserker)                 Turns: 2807, Time: 00:01:03

Health: -1/46      AC:  2    Str: 24    XL:     5   Next: 89%
Magic:  4/4        EV: 16    Int:  4    God:    Trog [**....]
Gold:   109        SH:  0    Dex:  9    Spells: 4/4 levels left

rFire   . . .      SeeInvis .   Y - +0 hand axe
rCold   . . .      Faith    .   (no shield)
rNeg    . . .      Spirit   .   b - +0 animal skin
rPois   .          Reflect  .   (helmet restricted)
rElec   .          Harm     .   (no cloak)
rCorr   .          Rampage  .   (no gloves)
Will    .....                   (no boots)
Stlth   +.........              (no amulet)
HPRegen 0.15/turn               f - +4 ring of evasion
MPRegen 0.09/turn               (no ring)

@: on berserk cooldown, slowed, very slow
A: horns 2, retaliatory headbutt
a: Renounce Religion, Berserk, Trog's Hand


You were on level 6 of the Dungeon.
You worshipped Trog.
Trog was pleased with you.
You visited 1 branch of the dungeon, and saw 4 of its levels.

You collected 109 gold pieces.


Innate Abilities, Weirdness & Mutations

You have a pair of horns on your head.
You reflexively headbutt those who attack you in melee.


   Skills:
 - Level 4.2 Fighting
 + Level 7.7 Axes
 - Level 2.4 Armour
 - Level 2.1 Dodging


You had 4 spell levels left.
You didn't know any spells.
Your spell library was empty.

Inventory:

Hand Weapons
 c - a +1 flail of protection
 Y - a +0 hand axe (weapon)
Armour
 b - a +0 animal skin (worn)
Jewellery
 f - a +4 ring of evasion (left hand)
Potions
 a - a potion of degeneration {unknown}
 d - a potion of curing {unknown}
 e - a potion of brilliance {unknown}
 i - a potion of haste {unknown}

Dungeon Overview and Level Annotations

Branches:
Dungeon (3/15)

Altars:

Annotations:
D:6 Sigmund


Message History

The orc priest is almost dead.
The orc priest invokes the aid of Beogh against you.
Beogh smites you!
You slash the orc priest!
You feel the power of Trog in you as your rage grows.
You kill the orc priest!
Trog accepts your kill.
You start resting.
You feel a strong urge to attack something.
You are no longer berserk.
You are exhausted.
You feel yourself slow down.
Sigmund the Dreaded comes into view.
He is wielding a +0 scythe and carrying a wand of flame (20).
An orc comes into view. It is wielding a +0 dagger.
Sigmund shouts!
The orc shouts!
Sigmund looks at you with fury.
Sigmund zaps a wand.
The puff of flame hits you!
An orc comes into view. It is wielding a +0 dagger.
Sigmund zaps a wand.
The puff of flame hits you! Sigmund barely misses you.
Sigmund completely misses you.
You hit Sigmund.
Sigmund is lightly wounded.
Sigmund closely misses you. You furiously retaliate!
You headbutt Sigmund, but do no damage. You closely miss Sigmund.
Sigmund is lightly wounded.
You closely miss Sigmund.
Sigmund is lightly wounded.
Sigmund hits you with a +0 scythe!
You slash Sigmund!
Sigmund is moderately wounded.
Sigmund closely misses you.
You hit Sigmund but do no damage.
Sigmund is moderately wounded.
Sigmund closely misses you.
You closely miss Sigmund. You headbutt Sigmund!
Sigmund is severely wounded.
Sigmund zaps a wand.
The puff of flame hits you!
You die...

..# .....# ....## . #...
P.. ##.### .. #....# ..
#....#### ..
########...))))# #.
.....o@@....##.########.
....#o#.....##..........
. # ###........######.
########.# #...
#.####.## #........
######.#. #.#. #.#.


You could see Sigmund and 2 orcs.

Vanquished Creatures
  A jelly (D:6)
  2 orc priests (D:6)
  Jessica (D:2)
  4 gnolls (D:2)
  4 adders (D:2)
  4 worms (D:2)
  A dart slug (D:1)
  3 orcs (D:6)
  6 endoplasms
  4 goblins (D:1)
  4 hobgoblins
  3 quokkas
  5 ball pythons
  6 bats (D:1)
  A frilled lizard (D:2)
  2 kobolds
  7 rats
58 creatures vanquished.

Vanquished Creatures (others)
  5 toadstools (D:1)
5 creatures vanquished.

Grand Total: 63 creatures vanquished

Notes
Turn   | Place    | Note
-------+----------+-------------------------------------------
     0 | D:1      | qw the Minotaur Berserker began the quest for the Orb.
     0 | D:1      | Reached XP level 1. HP: 19/19 MP: 0/0
     0 | D:1      | 0 ||| qw: Version: 0.1-a-119-g272c26d
     0 | D:1      | 0 ||| qw: Game counter: 11025
     0 | D:1      | 0 ||| qw: Always use a shield: true
     0 | D:1      | 0 ||| qw: Do Orc after D:15 true
     0 | D:1      | 0 ||| qw: Do second Lair branch before Depths: true
     0 | D:1      | 0 ||| qw: Lair rune preference: random
     0 | D:1      | 0 ||| qw: Plans: Normal
     0 | D:1      | 0 ||| PLANNING D:1-11
   105 | D:1      | Reached skill level 4 in Axes
   195 | D:1      | 195 ||| DROPPING +0 club.
   303 | D:1      | Reached XP level 2. HP: 26/26 MP: 1/1
   841 | D:1      | Reached skill level 5 in Axes
  1101 | D:1      | Reached XP level 3. HP: 29/31 MP: 2/2
  1259 | D:1      | 1259 ||| READING scroll labelled ASABBU NIPY.
  1260 | D:1      | 1260 ||| READING scroll labelled YMEAFIANED.
  1261 | D:1      | 1261 ||| READING scroll labelled VUWUFI ZIRURPH.
  1265 | D:1      | 1265 ||| READING scroll labelled GAEMOLLUVANK.
  1461 | D:2      | 1461 ||| INVOKING Berserk.
  1602 | D:2      | 1602 ||| Stepping randomly (stuck).
  1610 | D:2      | 1610 ||| INVOKING Berserk.
  1641 | D:2      | 1641 ||| Stepping ~*~*~tactically~*~*~ (stealth).
  1644 | D:2      | 1644 ||| FLEEEEING.
  1645 | D:2      | 1645 ||| FLEEEEING.
  1667 | D:2      | 1667 ||| FLEEEEING.
  1668 | D:2      | 1668 ||| FLEEEEING.
  1669 | D:2      | 1669 ||| FLEEEEING.
  1670 | D:2      | 1670 ||| FLEEEEING.
  1671 | D:2      | 1671 ||| FLEEEEING.
  1672 | D:2      | 1672 ||| FLEEEEING.
  1673 | D:2      | 1673 ||| FLEEEEING.
  1674 | D:2      | 1674 ||| FLEEEEING.
  1675 | D:2      | 1675 ||| FLEEEEING.
  1676 | D:2      | 1676 ||| FLEEEEING.
  1677 | D:2      | 1677 ||| FLEEEEING.
  1678 | D:2      | 1678 ||| FLEEEEING.
  1679 | D:2      | 1679 ||| FLEEEEING.
  1680 | D:2      | 1680 ||| FLEEEEING.
  1685 | D:2      | 1685 ||| FLEEEEING.
  1791 | D:2      | Reached skill level 6 in Axes
  1791 | D:2      | Reached XP level 4. HP: 33/39 MP: 3/3
  1850 | D:2      | 1850 ||| INVOKING Berserk.
  1863 | D:2      | 1863 ||| Stepping ~*~*~tactically~*~*~ (stealth).
  1905 | D:2      | 1905 ||| Stepping ~*~*~tactically~*~*~ (stealth).
  1909 | D:2      | 1909 ||| INVOKING Berserk.
  1932 | D:2      | 1932 ||| FLEEEEING.
  1933 | D:2      | 1933 ||| FLEEEEING.
  1937 | D:2      | 1937 ||| STAIRDANCE
  2017 | D:2      | 2017 ||| DROPPING +0 whip.
  2021 | D:2      | 2021 ||| Stepping randomly (stuck).
  2022 | D:2      | 2022 ||| Stepping randomly (stuck).
  2026 | D:2      | Reached ** piety under Trog
  2437 | D:2      | 2437 ||| UPGRADING to +4 ring of evasion.
  2438 | D:2      | 2438 ||| READING scroll labelled TEPASA MYPPON.
  2439 | D:2      | 2439 ||| Stepping randomly (stuck).
  2440 | D:2      | 2440 ||| Stepping randomly (stuck).
  2441 | D:2      | 2441 ||| Stepping randomly (stuck).
  2447 | D:2      | Noticed Jessica
  2448 | D:2      | 2448 ||| Stepping ~*~*~tactically~*~*~ (hiding).
  2454 | D:2      | 2454 ||| INVOKING Berserk.
  2455 | D:2      | Killed Jessica
  2456 | D:2      | Reached skill level 7 in Axes
  2456 | D:2      | Reached XP level 5. HP: 22/45 MP: 4/4
  2744 | D:3      | You fall into a shaft and drop 3 floors!
  2765 | D:6      | 2765 ||| Stepping ~*~*~tactically~*~*~ (hiding).
  2768 | D:6      | 2768 ||| INVOKING Berserk.
  2796 | D:6      | Noticed Sigmund
  2804 | D:6      | HP: 10/46 [Sigmund/+0 scythe (8)]
  2807 | D:6      | Killed from afar by Sigmund

Levels and vault maps discovered:
D:1:      ldierk_walled_garden, layout_basic, minmay_strange_pillars
D:2:      layout_loops_ring, nicolae_kite_square_tiling_tiny, uniq_jessica
D:3:      gammafunk_steamed_eel, layout_loops_cross, fiery_altar_vehumet,
          lemuel_coloured_pillars_altar, ebering_ecumenical_altar_sacrificial
D:6:      layout_loops_ring, amcnicky_altar_gilded, fedhas_altar_1,
          uniq_sigmund, uniq_maggie, uniq_crazy_yiuf_cottage

Skill      XL: |  1  2  3  4  5 |
---------------+----------------+-----
Axes           | 4 5 6 7 |  7.7
Fighting       | 4 |  4.2
Armour         | |  2.4
Dodging        | |  2.1

Action                   |  1- 3 |  4- 6 || total
-------------------------+-------+-------++-------
Melee: Hand axe          |    90 |    53 ||   143
       Headbutt          |    10 |     9 ||    19
Invok: Berserk           |     2 |     4 ||     6
  Use: Scroll            |     4 |     1 ||     5
Armor: Animal skin       |    12 |     2 ||    14
Dodge: Dodged            |    58 |    25 ||    83

Table legend:
 A = Non-vault XP
 B = Vault XP
 C = Vault XP percentage of total XP
 D = Non-vault monster count
 E = Vault monster count
 F = Vault count percentage of total count
                 A         B        C        D         E       F
            +---------+---------+-------+---------+---------+-------
      Total |     323 |      37 |  10.3 |      57 |       1 |   1.7
            +---------+---------+-------+---------+---------+-------
        D:1 |      42 |       0 |   0.0 |      28 |       0 |   0.0
        D:2 |     148 |      37 |  20.0 |      23 |       1 |   4.2
        D:6 |     133 |       0 |   0.0 |       6 |       0 |   0.0
            +---------+---------+-------+---------+---------+-------
